 Dungeon Crawl Stone Soup version 0.30.1-9-gdf580d7c3d (webtiles) character file.

Game seed: 1387270334644721756

870 ringo67 the Chiller (level 7, 0/48 (50) HPs)
             Began as a Vampire Ice Elementalist on Oct 7, 2023.
             Slain by a wight
             ... wielding a +0 hand axe
              (7 damage)
             ... on level 5 of the Dungeon.
             The game lasted 00:17:48 (5753 turns).

ringo67 the Chiller (Vampire Ice Elementalist)      Turns: 5753, Time: 00:17:49

HP:   0/48 (50)     AC:  4    Str:  7    XL:     7   Next: 73%
MP:   14/14         EV: 13    Int: 20    God:
Gold: 212           SH:  0    Dex: 14    Spells: 7/15 levels left

rFire   + + +        v - +1 dagger (venom)
rCold   + . .        (no shield)
rNeg    . . .        x - +1 leather armour of the Thirsty Mystics {+Inv rPois rF+++ Stlth-}
rPois   +            (no helmet)
rElec   .            (no cloak)
rCorr   .            (no gloves)
SInv    +            (no boots)
Will    .....        (no amulet)
Stlth   +            d - ring of protection from cold
HPRegen 0.48/turn    (no ring)
MPRegen 0.14/turn

%: no passive effects
@: healing quickly, lightly drained
A: alive, fangs 3, see invisible, vampiric 2
a: Exsanguinate, Evoke Invisibility


You were on level 5 of the Dungeon.
You visited 1 branch of the dungeon, and saw 6 of its levels.

You collected 212 gold pieces.

Inventory:

Hand Weapons
 l - a +0 rapier
 v - a +1 dagger of venom (weapon)
Missiles
 m - 6 poisoned darts
Armour
 a - a +0 robe
 x - the +1 leather armour of the Thirsty Mystics (worn) {+Inv rPois rF+++ Stlth-}
   (You found it on level 5 of the Dungeon)

   rF:        It renders you almost immune to fire.
   rPois:     It protects you from poison.
   +Inv:      It lets you turn invisible.
   Stlth:     It makes you less stealthy.
Jewellery
 d - a ring of protection from cold (left hand)
 y - a ring of resist corrosion
Wands
 n - a wand of polymorph (8)
 s - a wand of iceblast (12)
Scrolls
 c - 12 scrolls of identify {unknown}
 f - a scroll of torment {unknown}
 h - 2 scrolls of teleportation {unknown}
 j - 2 scrolls of poison {unknown}
 k - a scroll of amnesia {unknown}
 p - a scroll of silence {unknown}
 q - a scroll of fog {unknown}
 r - 2 scrolls of immolation {unknown}
 u - a scroll of noise {unknown}
Potions
 b - 2 potions of magic
 e - 2 potions of flight {unknown}
 g - a potion of might {unknown}
 i - 2 potions of curing
 o - 2 potions of heal wounds {unknown}
 t - a potion of brilliance {unknown}
 w - a potion of invisibility {unknown}
 z - a potion of attraction {unknown}


   Skills:
 + Level 2.1 Fighting
 - Level 5.0 Dodging
 - Level 3.0 Stealth
 + Level 4.7 Spellcasting
 + Level 2.6 Summonings
 + Level 6.1 Ice Magic


You had 7 spell levels left.
You knew the following spells:

 Your Spells              Type           Power      Damage    Failure   Level
a - Freeze                Ice            100%       1d10      1%          1
b - Frozen Ramparts       Ice            58%        1d9       4%          3
c - Summon Ice Beast      Ice/Summ       22%        N/A       30%         4

Your spell library contained the following spells:

 Spells                   Type           Power      Damage    Failure   Level
 Ozocubu's Armour         Ice            29%        N/A       4%          3
 Sublimation of Blood     Necr           4%         N/A       26%         2
 Leda's Liquefaction      Hex/Erth       2%         N/A       87%         4
 Petrify                  Tmut/Erth      4%         N/A       87%         4
 Irradiate                Conj/Tmut      2%         3d12      99%         5
 Lee's Rapid Deconstruct  Erth           2%         3d4*      99%         5
 Statue Form              Tmut/Erth      2%         N/A       100%        6


Dungeon Overview and Level Annotations

Branches:
Dungeon (6/15)
 Temple: D:4-7

Altars:
Xom

Shops:
D:4 (


Innate Abilities, Weirdness & Mutations

Your natural rate of healing is accelerated.
You have razor-sharp teeth.
You have supernaturally acute eyesight. (SInv)
You are afflicted with vampirism and can become a bat while bloodless.


Message History

You destroy the wight!
The frozen ramparts melt away as you move.
Things that are here:
a +2 hand axe; a +0 robe You start resting.
HP restored.
You start resting.
A black bear comes into view.
A black bear is nearby!
You start resting.
Magic restored.
Things that are here:
a +2 hand axe; a +0 robe
There is a stone staircase leading down here.
You now have 212 gold pieces (gained 6). 2 wights come into view.
The black bear growls angrily.
The wight barely misses you.
There is a stone staircase leading up here.
You climb upwards.
There is a stone staircase leading down here.
There is a stone staircase leading down here.
You climb downwards.
The wight closely misses you. The wight hits you with a +0 hand axe!
There is a stone staircase leading up, spattered with blood here.
The wight hits you with a +0 battleaxe!
You feel drained. The wight hits you with a +0 hand axe!
* * * LOW HITPOINT WARNING * * *
You climb upwards.
There is a stone staircase leading down here.
It was a potion of curing.
You feel better. The wight hits you with a +0 hand axe! The wight misses you.
The wight attacks as you move away! The wight hits you with a +0 hand axe.
* * * LOW HITPOINT WARNING * * *
The wight attacks as you move away! The wight hits you with a +0 battleaxe!
* * * LOW HITPOINT WARNING * * *
The wight attacks as you move away! The wight barely misses you.
There is a stone staircase leading up here.
The wight hits you with a +0 hand axe!
You die...

..#...### #...................##
.....(######.........>#..........
.#........#..........##..##......
....#.....###.........#.......#.#
....#..............#..........###
....#......##.....###........##
...............##z.###.#######
###.............z..# #.# #
##..##..##....@..# ### #
#.###..#.......##
####.##.......#..##
.....#........####
...............##
................#
................#
................##
.....#...........###


You could see 2 wights.

Vanquished Creatures
  A black bear (D:6)
  An ogre (D:6)
  A bullfrog (D:6)
  A scorpion (D:5)
  A wight (D:6)
  3 crimson imps (D:3)
  An orc priest (D:4)
  3 hounds
  A jelly (D:5)
  Ijyb (D:3)
  An iguana (D:5)
  An orc wizard (D:3)
  3 gnolls
  5 adders
  2 worms
  4 dart slugs
  13 orcs
  4 ball pythons
  7 bats
  6 endoplasms
  6 giant cockroaches
  11 goblins
  11 hobgoblins
  8 jackals
  2 quokkas
  2 frilled lizards (D:1)
  2 kobolds (D:2)
  2 rats
104 creatures vanquished.

Notes
Turn   | Place    | Note
-------+----------+-------------------------------------------
     0 | D:1      | ringo67 the Vampire Ice Elementalist began the quest for
                  | the Orb.
     0 | D:1      | Reached XP level 1. HP: 13/13 MP: 3/3
   126 | D:1      | Reached XP level 2. HP: 20/20 MP: 0/5
   967 | D:1      | Reached skill level 1 in Fighting
  1099 | D:1      | Gained mutation: You are afflicted with vampirism and can
                  | become a bat while bloodless. [Vampire growth]
  1099 | D:1      | Reached XP level 3. HP: 26/26 MP: 6/6
  1923 | D:2      | Learned a level 3 spell: Frozen Ramparts
  1958 | D:2      | Found a faded altar of an unknown god.
  2355 | D:3      | Reached XP level 4. HP: 32/32 MP: 3/8
  2426 | D:3      | Noticed Ijyb
  2436 | D:3      | Killed Ijyb
  2712 | D:3      | Reached XP level 5. HP: 37/37 MP: 5/9
  2808 | D:3      | Found a shimmering altar of Xom.
  2832 | D:3      | Reached skill level 5 in Ice Magic
  3161 | D:4      | Found Rangoydor's Weapon Shoppe.
  3291 | D:4      | Reached XP level 6. HP: 43/43 MP: 0/11
  3298 | D:4      | Learned a level 4 spell: Summon Ice Beast
  3714 | D:4      | Identified the +2 short sword "Ditetteb" {heavy, Str+4}
  4289 | D:5      | Entered Level 5 of the Dungeon
  4348 | D:5      | Reached skill level 1 in Summonings
  4596 | D:5      | Reached XP level 7. HP: 48/48 MP: 9/13
  4781 | D:5      | Identified the +1 leather armour of the Thirsty Mystics
                  | {+Inv rPois rF+++ Stlth-}
  5187 | D:6      | Reached skill level 5 in Dodging
  5494 | D:6      | Reached skill level 6 in Ice Magic
  5753 | D:5      | Slain by a wight

Illustrated notes

Levels and vault maps discovered:
D:1:      wander_arrival_estate, layout_basic
D:2:      layout_basic, chequers_ecumenical_altar_simple_redux
D:3:      layout_rooms, led_xom_imps, uniq_ijyb
D:4:      layout_loops_cross, serial_shops, nicolae_shop_tiny_waterfront,
          minmay_goblin_kobold_house
D:5:      layout_cave_pools, nicolae_overflow_hidden_temple, minivault_19
D:6:      layout_rooms, nicolae_vehumet_radiance, minmay_temple_entry_overgrown,
          mrwooster_statue_mirror

Skill      XL: |  1  2  3  4  5  6  7 |
---------------+----------------------+-----
Fighting       | 1 2 |  2.1
Dodging        | 3 4 5 |  5.0
Spellcasting   | 3 4 |  4.7
Ice Magic      | 5 6 |  6.1
Summonings     | 1 2 |  2.6
Stealth        | |  3.0

Action                     |  1- 3 |  4- 6 |  7- 9 || total
---------------------------+-------+-------+-------++-------
  Melee: Unarmed           |     2 |       |       ||     2
         Spear             |    60 |       |       ||    60
         Bite              |     7 |    11 |     3 ||    21
         Rapier            |    27 |    77 |     7 ||   111
         Dagger            |       |       |    14 ||    14
   Cast: Freeze            |    26 |    16 |       ||    42
         Frozen Ramparts   |     2 |    19 |     9 ||    30
         Summon Ice Beast  |       |       |     1 ||     1
    Use: Potion            |       |       |     1 ||     1
   Stab: Sleeping          |     7 |     1 |       ||     8
 Armour: Robe              |    22 |    13 |     1 ||    36
         Leather armour    |       |       |     5 ||     5
  Dodge: Dodged            |    56 |    63 |    17 ||   136
